 Dungeon Crawl Stone Soup version 0.22.1-1-ga44c0e5 (webtiles) character file.

72 HoaS the Skirmisher (level 4, -1/29 HPs)
             Began as a Gargoyle Berserker on Oct 21, 2018.
             Was a Believer of Trog.
             Killed by nerve-wracking pain
             ... invoked by Grinder
              (4 damage)
             ... on level 3 of the Dungeon.
             The game lasted 00:07:36 (2325 turns).

HoaS the Skirmisher (Gargoyle Berserker)            Turns: 2325, Time: 00:07:37

Health: -1/29      AC: 13    Str: 22    XL:     4   Next: 26%
Magic:  4/4        EV:  8    Int:  7    God:    Trog [**....]
Gold:   182        SH:  0    Dex:  9    Spells: 3/3 levels left

rFire    . . .     SeeInvis .     - Unarmed
rCold    . . .     Gourm    .   (no shield)
rNeg     + . .     Faith    .   f - +0 chain mail
rPois    ∞         Spirit   .   (no helmet)
rElec    +         Reflect  .   (no cloak)
rCorr    .         Harm     .   k - +0 pair of gloves
MR       .....                  (no boots)
Stlth    ..........             (no amulet)
HPRegen  0.09/turn              (no ring)
MPRegen  0.09/turn              (no ring)

@: berserk cooldown, slowed, very slow
A: negative energy resistance 1, electricity resistance, unbreathing,
petrification resistance, rot immunity, AC +3
a: Berserk, Trog's Hand, Renounce Religion


You were on level 3 of the Dungeon.
You worshipped Trog.
Trog was pleased with you.
You were near starving.

You visited 1 branch of the dungeon, and saw 4 of its levels.

You collected 182 gold pieces.

Inventory:

Armour
 f - a +0 chain mail (worn)
 k - a +0 pair of gloves (worn)
Jewellery
 a - a cursed amulet of inaccuracy {unknown}
Potions
 d - a potion of flight
 e - a potion of heal wounds {unknown}
 g - a potion of agility {unknown}
 h - a potion of curing {unknown}
 i - a potion of degeneration {unknown}
 j - 3 potions of lignification {unknown}
Comestibles
 b - 5 rations


   Skills:
 * Level 4.2 Fighting
 + Level 2.9 Armour
 - Level 1.5 Dodging
 * Level 3.9 Unarmed Combat


You had 3 spell levels left.
You didn't know any spells.
Your spell library was empty.

Dungeon Overview and Level Annotations

Branches:
Dungeon (4/15)
 Temple: D:4-7

Altars:

Annotations:
D:3 Grinder


Innate Abilities, Weirdness & Mutations

You are resistant to torment.
Your stone body is resilient. (AC +3)
You are immune to poison.
You resist negative energy. (rN+)
You are resistant to electric shocks. (rElec)
You can survive without breathing.
You are immune to petrification.
You are immune to rotting.


Message History

A red film seems to cover your vision as you go berserk!
You feel yourself moving faster!
You feel mighty!
You are near starving!
Grinder gestures at you. Pain shoots through your body!
* * * LOW HITPOINT WARNING * * *
You completely miss Grinder.
Grinder is severely wounded.
Grinder blinks!
You feel a strong urge to attack something.
You feel your anger nearly subside.
You punch Grinder!
Grinder is almost dead.
Grinder blinks!
You are no longer berserk.
You are exhausted.
You feel yourself slow down. Grinder gestures at you.
Pain shoots through your body!
You die...

........######.###..)....#
#.#....>.........'.......#
####..##.###.###.......########
#...........................
#..##.###........(#..#......
#..##.###########.##.#......
#..§.................+......
......####.....##.##.#......
...##.# #.@...##.##.#......
#.5...##.##.#......
#.....##.##..######
#.....##.###.# # #.....##.#
#.## # +........###..# #
#..........##.# #
#..........##.#####
...(.(..'.......


You could see Grinder.

Vanquished Creatures
  An adder (D:3)
  2 worms
  4 leopard geckos
  A giant cockroach (D:1)
  5 goblins
  5 hobgoblins
  8 jackals
  4 kobolds
  A quokka (D:2)
  A ball python (D:1)
  5 bats
  2 frilled lizards
  11 rats
50 creatures vanquished.

Notes
Turn   | Place    | Note
-------+----------+-------------------------------------------
     0 | D:1      | HoaS the Gargoyle Berserker began the quest for the Orb.
     0 | D:1      | Reached XP level 1. HP: 14/14 MP: 1/1
    61 | D:1      | Reached XP level 2. HP: 11/19 MP: 2/2
   911 | D:1      | Reached XP level 3. HP: 24/24 MP: 3/3
  1014 | D:1      | Reached ** piety under Trog
  1433 | D:2      | Reached skill level 4 in Fighting
  1957 | D:3      | Reached XP level 4. HP: 27/29 MP: 4/4
  2236 | D:3      | Noticed Grinder
  2261 | D:3      | Paralysed by Grinder for 4 turns
  2275 | D:3      | Paralysed by Grinder for 4 turns
  2284 | D:3      | Paralysed by Grinder for 2 turns
  2296 | D:3      | Paralysed by Grinder for 4 turns
  2307 | D:3      | Paralysed by Grinder for 2 turns
  2325 | D:3      | Killed from afar by Grinder

Skill      XL: |  1  2  3 |
---------------+----------+-----
Fighting       | 4 |  4.2
Armour         | |  2.9
Dodging        | |  1.5
Unarmed Combat | |  3.9

Action                   |  1- 3 |  4- 6 || total
-------------------------+-------+-------++-------
Melee: Unarmed           |   205 |    47 ||   252
Invok: Berserk           |     1 |     1 ||     2
       Trog's Hand       |       |     1 ||     1
  Use: Scroll            |     1 |       ||     1
  Eat: Chunk             |     5 |       ||     5
Armor: Animal skin       |    16 |       ||    16
       Chain mail        |   133 |    23 ||   156
Dodge: Dodged            |   124 |    10 ||   134
